 Dungeon Crawl Stone Soup version 0.30-a0-743-gbfdf073431 (webtiles) character file.

Game seed: 12267173920667601921

22 MachoJfn the Grave Robber (level 2, -1/19 HPs)
             Began as a Mummy Necromancer on Feb 6, 2023.
             Slain by a jackal (2 damage)
             ... on level 1 of the Dungeon.
             The game lasted 00:03:10 (730 turns).

MachoJfn the Grave Robber (Mummy Necromancer)        Turns: 730, Time: 00:03:11

Health: -1/19      AC:  2    Str: 11    XL:     2   Next: 68%
Magic:  0/6        EV: 12    Int: 14    God:
Gold:   9          SH:  0    Dex: 12    Spells: 6/7 levels left

rFire   x . .      SeeInvis .    (no weapon)
rCold   + . .      Faith    +    (no shield)
rNeg    + + +      Spirit   .    a - +0 robe
rPois   ∞          Reflect  .    (no helmet)
rElec   .          Harm     .    (no cloak)
rCorr   .          Rampage  .    (no gloves)
Will    .....                    (no boots)
Stlth   ++                       (no amulet)
HPRegen 0.23/turn                (no ring)
MPRegen 0.10/turn                (no ring)

@: no status effects
A: cold resistance 1, negative energy resistance 3, torment resistance 2, heat
vulnerability 1, no potions, faith
a: no special abilities


You were on level 1 of the Dungeon.
You visited 1 branch of the dungeon, and saw 1 of its levels.

You collected 9 gold pieces.

Inventory:

Armour
 a - a +0 robe (worn)
Scrolls
 b - a scroll of poison {unknown}
 c - a scroll of magic mapping {unknown}


   Skills:
 + Level 1.6 Dodging
 + Level 1.8 Stealth
 + Level 3.1 Spellcasting
 + Level 4.4 Necromancy


You had 6 spell levels left.
You knew the following spells:

 Your Spells              Type           Power      Damage    Failure   Level
a - Necrotise             Necr           56%        1d6       3%          1

Your spell library contained the following spells:

 Spells                   Type           Power      Damage    Failure   Level
 Vampiric Draining        Necr           14%        2d7       10%         3
 Animate Dead             Necr           14%        N/A       32%         4
 Agony                    Necr           14%        N/A       67%         5


Dungeon Overview and Level Annotations

Branches:
Dungeon (1/15)

Altars:


Innate Abilities, Weirdness & Mutations

You are immune to poison.
Your flesh is cold resistant. (rC+)
You are immune to negative energy. (rN+++)
You are immune to unholy pain and torment.
You are vulnerable to heat. (rF-)
You do not drink.
You have a special connection with the divine. (Faith)


Message History

The jackal pauses to sniff the ground.
The jackal closely misses you.
You hit the jackal.
The jackal is heavily wounded.
The jackal bites your jackal skeleton. The jackal bites you.
* * * LOW HITPOINT WARNING * * *
The quokka barely misses you.
You closely miss the jackal.
The jackal is moderately wounded.
The jackal bites you but does no damage.
The jackal bites your jackal skeleton.
Your jackal skeleton barely misses the jackal.
The quokka closely misses you.
You hit the jackal.
The jackal is heavily wounded.
The jackal bites you.
* * * LOW HITPOINT WARNING * * *
The jackal bites your jackal skeleton.
Your jackal skeleton is destroyed!
The quokka closely misses you.
The jackal bites you but does no damage.
Casting: Necrotise (safe; 3% risk of failure)
Confirm with . or Enter, or press ? or * to list all spells.
Aiming: Necrotise (safe; 3% risk of failure)
Press: ? - help, Shift-Dir - straight line, f - jackal
Aim: a jackal (heavily wounded, chance to affect: 84%)
The jackal writhes in agony.
You kill the jackal!
The dead are walking!
The quokka closely misses you. The jackal barely misses you.
The quokka bites you.
* * * LOW HITPOINT WARNING * * *
The quokka attacks as you move away! The quokka bites you.
* * * LOW HITPOINT WARNING * * *
You barely miss the jackal. The jackal misses you.
Your jackal skeleton bites the quokka.
The jackal misses you.
You closely miss the jackal. The jackal bites you.
* * * LOW HITPOINT WARNING * * *
Your jackal skeleton misses the quokka.
You hit the jackal but do no damage. The jackal bites you.
You die...

##.#
##....#....#........##.#.#
...#
#..#######..##########.#.#
#### #.....#.....# ####
#.#.# #.###.#...... ..#
#.#.# # #.# #.###.## #.#
#.# ## #.# .. #.#
###.###.# .#####.# ## #.#
#[..(...# .......# #.#
#.#.##### .####### #@#
#.#.# ## #.####h####.#.# #
#....[r)....#.####.#
######Z.........[.$#
##.#.###.###### #.#.# #.#
#.#.# #.# #.#h# #.# #.#.#
#..


You could see a quokka (ally target), a jackal and a friendly jackal skeleton.

Vanquished Creatures
  2 endoplasms (D:1)
  2 giant cockroaches (D:1)
  A goblin (D:1)
  3 hobgoblins (D:1)
  3 jackals (D:1)
  A quokka (D:1)
  A ball python (D:1)
  A bat (D:1)
  2 frilled lizards (D:1)
  A kobold (D:1)
  3 rats (D:1)
20 creatures vanquished.

Notes
Turn   | Place    | Note
-------+----------+-------------------------------------------
     0 | D:1      | MachoJfn the Mummy Necromancer began the quest for the Orb.
     0 | D:1      | Reached XP level 1. HP: 13/13 MP: 4/4
   238 | D:1      | Reached XP level 2. HP: 19/19 MP: 2/5
   730 | D:1      | Slain by a jackal

Illustrated notes

Levels and vault maps discovered:
D:1:      nicolae_arrival_washed_ashore, layout_loops_ring

Skill      XL: |  1  2 |
---------------+-------+-----
Spellcasting   | 3 |  3.1
Dodging        | |  1.6
Stealth        | |  1.8
Necromancy     | |  4.4

Action                     || total
---------------------------++-------
  Melee: Unarmed           ||    22
         Punch             ||     1
   Cast: Necrotise         ||    31
    Use: Scroll            ||     1
   Stab: Sleeping          ||     1
 Armour: Robe              ||     5
  Dodge: Dodged            ||    24

Table legend: (Time is in decaauts)
 A = Elapsed time spent in this place.
 B = Non-inter-level travel time spent in this place.
 C = Inter-level travel time spent in this place.
 D = Time resting spent in this place.
 E = Time spent auto-exploring this place.
 F = Levels seen in this place.
 G = Mean time per level.
                   A        B        C        D        E       F      G
               +--------+--------+--------+--------+--------+-----+--------+
         Total |    733 |    448 |    285 |     31 |    311 |   1 |  733.0 |
       Dungeon |    733 |    448 |    285 |     31 |    311 |   1 |  733.0 |
               +--------+--------+--------+--------+--------+-----+--------+

Top non-repeatable levels by time:
     D:1: 733 daAuts
